 Dungeon Crawl Stone Soup version 0.22-a0-848-ge9e22a0 (webtiles) character file.

17 Amnesiac the Digger (level 2, -2/19 HPs)
             Began as a Mummy Earth Elementalist on July 26, 2018.
             Was an Initiate of Vehumet.
             Slain by a gnoll (6 damage)
             ... on level 3 of the Dungeon.
             The game lasted 00:02:01 (657 turns).

Amnesiac the Digger (Mummy Earth Elementalist)       Turns: 657, Time: 00:02:02

Health: -2/19      AC:  2    Str: 11    XL:     2   Next: 44%
Magic:  3/5        EV: 12    Int: 14    God:    Vehumet [......]
Gold:   43         SH:  0    Dex: 12    Spells: 3/6 levels left

rFire    x . .     SeeInvis .   e - +1 dagger (freeze)
rCold    + . .     Gourm    .   (no shield)
rNeg     + + +     Faith    .   c - +0 robe
rPois    ∞         Spirit   .   (no helmet)
rElec    .         Reflect  .   (no cloak)
rCorr    .         Harm     .   (no gloves)
MR       .....                  (no boots)
Stlth    ++........             (no amulet)
HPRegen  0.06/turn              (no ring)
MPRegen  0.09/turn              (no ring)

@: no status effects
A: no food or potions, fire vulnerability, cold resistance 1, negative energy
resistance 3, torment resistance, unbreathing
a: Renounce Religion


You were on level 3 of the Dungeon.
You worshipped Vehumet.
Vehumet was noncommittal.
You were not hungry.

You visited 2 branches of the dungeon, and saw 6 of its levels.

You collected 43 gold pieces.

Inventory:

Hand Weapons
 e - a +1 dagger of freezing (weapon)
Missiles
 b - 43 stones (quivered)
Armour
 c - a +0 robe (worn)
Wands
 d - a wand of flame (20)
Scrolls
 a - 3 scrolls of remove curse {!r, unknown}


   Skills:
 - Level 1.5 Dodging
 - Level 1.5 Stealth
 + Level 2.9 Spellcasting
 - Level 0.7 Transmutations
 - Level 3.1 Earth Magic


You had 3 spell levels left.
You knew the following spells:

 Your Spells              Type           Power        Failure   Level  Hunger
a - Sandblast             Erth           ##....       6%          1    N/A
b - Passwall              Tmut/Erth      #.......     16%         2    N/A

Your spell library contained the following spells:

 Spells                   Type           Power        Failure   Level  Hunger
 Stone Arrow              Conj/Erth      #.....       34%         3    N/A
 Lee's Rapid Deconstruct  Erth           ##........   86%         5    N/A
 Petrify                  Tmut/Erth      #.......     69%         4    N/A

Dungeon Overview and Level Annotations

Branches:
Dungeon (5/15)             Temple (1/1) D:4

Altars:
Ashenzari
Cheibriados
Dithmenos
Elyvilon
Fedhas
Gozag
Kikubaaqudgha
Nemelex Xobeh
Okawaru
Qazlal
Sif Muna
Trog
Vehumet
Xom
Zin
The Shining One

Annotations:
D:4 1 transporter


Innate Abilities, Weirdness & Mutations

You do not eat or drink.
Your flesh is vulnerable to fire.
You are immune to poison.
Your flesh is cold resistant. (rC+)
You are immune to negative energy. (rN+++)
You are immune to unholy pain and torment.
You can survive without breathing.


Message History

Found a ration.
There is a staircase to the Ecumenical Temple here.
You climb downwards.
Welcome to the Ecumenical Temple!
Found twelve altars.
There is a staircase back to the Dungeon here.
Found a snail-covered altar of Cheibriados.
Found a blossoming altar of Fedhas.
Found a deep blue altar of Sif Muna.
Found a radiant altar of Vehumet.
There is an opulent altar of Gozag here.
There is a blossoming altar of Fedhas here.
There is a radiant altar of Vehumet here.
You kneel at the altar of Vehumet.
Vehumet welcomes you!
(D) Dungeon (T) Temple
Where to? (Enter - D:3 @ (x,y), ? - help)
What level of the Dungeon? (default 4, ? - help)
There is a staircase back to the Dungeon here.
You climb upwards.
Welcome back to the Dungeon!
Level annotation: 1 transporter
There is a staircase to the Ecumenical Temple here.
A worker ant comes into view.
Found 6 gold pieces.
Casting: Sandblast (safe; 6% risk of failure)
Confirm with . or Enter, or press ? or * to list all spells.
You don't know that spell.
Adjust (i)tems, (s)pells, or (a)bilities?
Huh?
Unknown command.
Memorise Passwall, consuming 2 spell levels and leaving 3?
You start memorising the spell.
You continue memorising. x2
You finish memorising.
Spell assigned to 'b'.
Casting: Sandblast (safe; 6% risk of failure)
Confirm with . or Enter, or press ? or * to list all spells.
Aiming: Passwall (safe; 16% risk of failure)
Press: ? - help, Dir - move target cursor A rock wall.
You begin to meditate on the wall.
You continue meditating on the rock.
The iguana bites you!
Ouch! That really hurt!
* * * LOW HITPOINT WARNING * * *
You continue meditating on the rock.
The iguana barely misses you.
You finish merging with the rock.
Unknown command.
Unknown command.
There is a stone staircase leading up here.
You climb upwards.
The gnoll shouts! x2
The gnoll barely misses you. The gnoll closely misses you.
You hear a shout!
There is a stone staircase leading down here.
The gnoll closely misses you. The gnoll barely misses you.
Casting: Passwall (safe; 16% risk of failure)
Confirm with . or Enter, or press ? or * to list all spells.
Aiming: Passwall (safe; 16% risk of failure)
Press: ? - help, Dir - move target cursor A rock wall.
The gnoll hits you.
* * * LOW HITPOINT WARNING * * *
You begin to meditate on the wall.
You continue meditating on the rock.
The gnoll hits you.
You die...

..#.......##%gg..#
..#.......##.###.#
..........##.#...#
###.......##g#.### #
#.......##g#.#
###.......##.#g###
.........g...#..g#
.........g######g# ###
......########..@# #<#
......#......#.########.####
..#####......#.............#
..# #.........############
..# #####+###.# ..# #.....#
..# ####### ..# ..#


You could see 3 gnolls.

Vanquished Creatures
  A gnoll (D:3)
  An orc (D:3)
  A quokka (D:3)
  2 bats
  3 frilled lizards
8 creatures vanquished.

Notes
Turn   | Place    | Note
-------+----------+-------------------------------------------
     0 | D:1      | Amnesiac the Mummy Earth Elementalist began the quest for the Orb.
     0 | D:1      | Reached XP level 1. HP: 13/13 MP: 4/4
   202 | D:4      | Found a transporter.
   202 | D:4      | Noticed a bullfrog
   202 | D:4      | Noticed a phantom
   205 | D:4      | Noticed an iguana
   209 | D:5      | Entered Level 5 of the Dungeon
   209 | D:5      | Noticed an orc wizard
   352 | D:3      | Found a faded altar of an unknown god.
   369 | D:3      | Reached skill level 3 in Earth Magic
   369 | D:3      | Reached XP level 2. HP: 18/19 MP: 0/5
   560 | D:4      | Found a staircase to the Ecumenical Temple.
   566 | Temple   | Entered the Ecumenical Temple
   579 | Temple   | Became a worshipper of Vehumet
   612 | D:4      | Learned a level 2 spell: Passwall
   657 | D:3      | Slain by a gnoll

Vault maps used:
D:1:      mainiacjoe_arrival_reflecting_pool
D:3:      mumra_celtic_spiral_tile, chequers_ecumenical_altar_simple_redux
D:4:      gammafunk_temple_overflow_arena, minmay_temple_entry_purple_smoke,
          serial_shops, nicolae_shop_behind_doors, first_ration
D:5:      solitary_fountain
Temple:   dpeg_three_leaves_temple

Skill      XL: |  1 |
---------------+----+-----
Earth Magic    | 3 |  3.1
Dodging        | |  1.5
Stealth        | |  1.5
Spellcasting   | |  2.9
Transmutations | |  0.7

Action                   || total
-------------------------++-------
Melee: Dagger            ||     7
       Unarmed           ||     4
 Cast: Sandblast         ||    11
       Passwall          ||     2
Evoke: Wand              ||     3
Armor: Robe              ||    11
Dodge: Dodged            ||    30

Table legend:
 A = Spawn XP
 B = Non-spawn XP
 C = Spawn XP percentage of total XP
 D = Spawn monster count
 E = Non-spawn monster count
 F = Spawn count percentage of total count
 G = Total turns spent on level
                    A         B        C        D         E        F      G
               +---------+---------+-------+---------+---------+-------+---------
         Total |       0 |      25 |   0.0 |       0 |       8 |   0.0 |   657
               +---------+---------+-------+---------+---------+-------+---------
           D:1 |       0 |       1 |   0.0 |       0 |       1 |   0.0 |    52
           D:3 |       0 |      23 |   0.0 |       0 |       6 |   0.0 |   442
           D:4 |       0 |       1 |   0.0 |       0 |       1 |   0.0 |    91
               +---------+---------+-------+---------+---------+-------+---------
